 Dungeon Crawl Stone Soup version 0.29.1-1-gd02db6906a (webtiles) character file.

Game seed: 11282518591700435358

3576 Sanktem7 the Fighter (level 9, -3/89 HPs)
             Began as a Minotaur Berserker on Sept 25, 2022.
             Was a High Priest of Trog.
             Slain by a large slime creature (10 damage)
             ... on level 9 of the Dungeon.
             The game lasted 00:19:15 (8864 turns).

Sanktem7 the Fighter (Minotaur Berserker)           Turns: 8864, Time: 00:19:16

Health: -3/89      AC: 13    Str: 25    XL:     9   Next: 84%
Magic:  8/8        EV: 25    Int: 10    God:    Trog [*****.]
Gold:   419        SH:  0    Dex: 17    Spells: 8/8 levels left

rFire   . . .      SeeInvis +   a - +1 hand axe {axe}
rCold   . . .      Faith    .   (no shield)
rNeg    . . .      Spirit   .   v - +0 chain mail
rPois   .          Reflect  .   (helmet restricted)
rElec   .          Harm     .   j - +1 cloak
rCorr   .          Rampage  .   (no gloves)
Will    .....                   C - +0 pair of boots
Stlth   ..........              o - amulet of the acrobat
HPRegen 0.24/turn               F - +6 ring of dexterity
MPRegen 0.11/turn               H - ring of the Frog {Int+6 SInv}

@: acrobatic
A: horns 2, retaliatory headbutt
a: Renounce Religion, Berserk, Trog's Hand, Brothers in Arms


You were on level 9 of the Dungeon.
You worshipped Trog.
Trog was extremely pleased with you.
You visited 1 branch of the dungeon, and saw 9 of its levels.

You collected 475 gold pieces.
You spent 56 gold pieces at shops.


Innate Abilities, Weirdness & Mutations

You have a pair of horns on your head.
You reflexively headbutt those who attack you in melee.


   Skills:
 * Level 11.0 Fighting
 * Level 11.0 Axes
 + Level 4.8 Throwing
 - Level 4.7 Armour
 - Level 4.2 Dodging


You had 8 spell levels left.
You didn't know any spells.
Your spell library contained the following spells:

 Spells                   Type           Power      Damage    Failure   Level
 Shock                    Conj/Air       0%         1d3       94%         1
 Sting                    Tmut/Pois      0%         1d3       94%         1
 Poisonous Vapours        Pois/Air       0%         N/A       98%         2
 Swiftness                Air            0%         N/A       100%        3
 Airstrike                Air            0%         2d(0-16)  100%        4
 Olgreb's Toxic Radiance  Pois           0%         N/A       100%        4
 Summon Lightning Spire   Summ/Air       0%         N/A       100%        4
 Storm Form               Tmut/Air       0%         N/A       100%        7
 Maxwell's Capacitive Co  Air            0%         ∞         100%        8

Inventory:

Hand Weapons
 a - a +1 hand axe (weapon) {axe}
 i - a +1 scimitar of flaming {long}
   (You took it off Erica on level 9 of the Dungeon)
Missiles
 d - 144 stones (quivered) {throwing}
 n - 9 poisoned darts {throwing}
 p - 6 boomerangs {throwing}
 N - 3 curare-tipped darts {=fthrowing}
Armour
 j - a +1 cloak (worn)
   (You found it on level 1 of the Dungeon)
 l - a +0 robe
   (You took it off Erica on level 9 of the Dungeon)
 v - a +0 chain mail (worn)
   (You found it on level 6 of the Dungeon)
 C - a +0 pair of boots (worn)
   (You found it on level 6 of the Dungeon)
Magical Staves
 s - a staff of poison {forbidden!astaff}
   (You found it on level 8 of the Dungeon)
 M - a staff of death {forbidden!astaff}
   (You found it on level 8 of the Dungeon)
Jewellery
 o - an amulet of the acrobat (around neck)
   (You found it on level 2 of the Dungeon)
 r - a ring of positive energy
   (You found it on level 2 of the Dungeon)
 D - a ring of willpower
   (You took it off a kobold on level 4 of the Dungeon)
 F - a +6 ring of dexterity (left hand)
   (You found it on level 7 of the Dungeon)
 H - the ring of the Frog (right hand) {Int+6 SInv}
   (You found it on level 7 of the Dungeon)

   [ring of intelligence]

   Int:       It affects your intelligence (+6).
   SInv:      It lets you see invisible.
Wands
 f - a wand of roots (21)
   (You found it on level 5 of the Dungeon)
 x - a wand of paralysis (7)
   (You found it on level 6 of the Dungeon)
 B - a wand of polymorph (7)
   (You found it on level 4 of the Dungeon)
Scrolls
 g - 7 scrolls of teleportation {@r4}
 h - a scroll of amnesia
 q - 2 scrolls of fear
 y - a scroll of immolation {!r!r}
 A - a scroll of vulnerability {!r!r}
Potions
 c - 4 potions of brilliance
 e - a potion of invisibility {unknown}
 k - a potion of berserk rage {!q}
 m - a potion of cancellation
 w - 2 potions of flight
 z - 2 potions of haste {@q3}
 G - a potion of lignification {unknown}
 J - a potion of resistance {unknown}
 K - a potion of heal wounds {@q2}

Dungeon Overview and Level Annotations

Branches:
Dungeon (9/15) Zot: 26759  Temple (0/1) D:5
   Lair: D:8-11         Orc: D:9-12

Altars:
Elyvilon
Fedhas
Hepliaklqana
Makhleb
Qazlal
Ru
Vehumet
Xom
Zin
The Shining One

Shops:
D:2

? #.######## #.#
#.# ##J# #..# #.##
####.# #.JJ.#
#@#### #.# #.# #.#
#.#####.##########
#................#
.................#
................)#
#.............####


You could see a large slime creature and a slime creature.


Message History

You feel less confused. 😕 HP[+1]
You hit Erica.
Erica points at you and mumbles some strange words.
The lance of force hits you but does no damage.
You closely miss Erica.
Erica hits you with a +1 scimitar of flaming!
Erica burns you. 😕 HP[-10]
You take 10 damage, and now have 65/86 hp.
You hit Erica but do no damage. Erica hits you but does no damage.
You barely miss Erica. You slash Erica!
Erica hits you with a +1 scimitar of flaming!
Erica burns you. 😮 HP[-11]
You take 11 damage, and now have 54/86 hp.
You slash Erica!
Erica hits you with a +1 scimitar of flaming.
Erica burns you. 😮 HP[-2]
You take 2 damage, and now have 52/86 hp.
You barely miss Erica. You headbutt Erica.
You kill Erica!
Trog accepts your kill.
Trog appreciates your killing of a magic user.
Your Fighting skill increases to level 11!
Your Axes skill increases to level 11! 😮 HP[+2]
You now have 89 max hp (+3).
You regained 2 hp, and now have 54/89 hp.
i - a +1 scimitar of flaming {long};
l - a +0 robe You see here the human corpse of Erica. 2 slime creatures come into view.
The slime creature quivers. x2
The slime creature moves out of view. x2 😎 HP[+35]
Your hp is fully restored (89).
There are monsters nearby!
Two slime creatures merge to form a large slime creature.
You barely miss the large slime creature.
You hit the large slime creature.
The large slime creature barely misses you.
You slash the large slime creature!
You headbutt the large slime creature, but do no damage.
The large slime creature barely misses you.
A slime creature comes into view.
The slime creature quivers.
You hit the large slime creature.
A slime creature comes into view. x2
The large slime creature hits you. 😕 HP[-2]
You take 2 damage, and now have 87/89 hp.
The slime creature quivers. x2
You hit the large slime creature. You headbutt the large slime creature!
You completely miss the large slime creature.
The large slime creature hits you!!
You hear a shout! 😮 HP[-34]
You take 34 damage, and now have 53/89 hp.
MASSIVE DAMAGE!! (PAUSE)
You barely miss the large slime creature.
The large slime creature hits you!!
* * * LOW HITPOINT WARNING * * *
😱 HP[-34]
You take 34 damage, and now have 19/89 hp.
MASSIVE DAMAGE!! (PAUSE) Two slime creatures merge to form a large slime creature. 😱 HP[+1]
A large slime creature splits.
The slime creature hits you.
* * * LOW HITPOINT WARNING * * *
The slime creature barely misses you. 😱 HP[-4]
You take 4 damage, and now have 16/89 hp.
The slime creature hits you.
* * * LOW HITPOINT WARNING * * *
😱 HP[-6]
You take 6 damage, and now have 10/89 hp.
The slime creature attacks as you move away!
The slime creature completely misses you.
Two slime creatures merge to form a large slime creature. 😱 HP[+1]
You feel better. 😱 HP[+10]
You regained 10 hp, and now have 21/89 hp.
The large slime creature attacks as you move away!
The large slime creature hits you!
* * * LOW HITPOINT WARNING * * *
😱 HP[-17]
You take 17 damage, and now have 4/89 hp. 😱 HP[+1]
The large slime creature attacks as you move away!
The large slime creature misses you. You furiously retaliate!
You headbutt the large slime creature! 😱 HP[+1] 😱 HP[+1]
The large slime creature attacks as you move away!
The large slime creature hits you!
You die...

Skill      XL: |  1  2  3  4  5  6  7  8  9 |
---------------+----------------------------+-----
Fighting       | 4 5 6 7 9 11 | 11.0
Axes           | 4 5 6 7 9 11 | 11.0
Armour         | 3 4 |  4.7
Dodging        | 3 4 |  4.2
Throwing       | 1 3 4 |  4.8

Action                   |  1- 3 |  4- 6 |  7- 9 || total
-------------------------+-------+-------+-------++-------
Melee: Hand axe          |    75 |   161 |   288 ||   524
       Headbutt          |    12 |    26 |    51 ||    89
       Punch             |       |       |     1 ||     1
  Use: Scroll            |       |     4 |    13 ||    17
       Potion            |       |       |     5 ||     5
 Stab: Sleeping          |     2 |       |       ||     2
Armor: Animal skin       |    22 |     5 |       ||    27
       Scale mail        |       |    63 |    39 ||   102
       Chain mail        |       |       |    71 ||    71
Dodge: Dodged            |    55 |   132 |   169 ||   356

Levels and vault maps discovered:
D:1:      zelgadis_glass_arrival_small, layout_basic
D:2:      minmay_roachtagon, layout_rooms, serial_shops, shop, kennysheep_boxes
D:3:      layout_loops_cross, kennysheep_cross_room, minmay_vboxes
D:4:      layout_loops_ring, minitemple, mainiacjoe_overflow_alcove_4,
          kennysheep_mini_moat, serial_glass, glass_columns_a, glass_columns_a,
          roderic_batcave
D:5:      layout_rooms, nicolae_hepliaklqana_hippocampus,
          minmay_temple_entry_gardened_gates
D:6:      layout_basic, lemuel_crystal_altar, uniq_edmund
D:7:      layout_gridville, feat_on_display
D:8:      layout_loops_cross, hangedman_decor_push
D:9:      layout_rooms, marbit_many_paths, onia_ninara_dug_in_and_dangerous,
          uniq_gastronok, uniq_erica

Notes
Turn   | Place    | Note
-------+----------+-------------------------------------------
     0 | D:1      | Sanktem7 the Minotaur Berserker began the quest for the
                  | Orb.
     0 | D:1      | Reached XP level 1. HP: 19/19 MP: 0/0
     0 | D:1      | magus.rc [v1.9.6]
   306 | D:1      | Reached XP level 2. HP: 9/27 MP: 1/1
   538 | D:1      | You add the spells Sting, Poisonous Vapours and Olgreb's
                  | Toxic Radiance to your library.
   562 | D:1      | Reached skill level 4 in Fighting
   639 | D:1      | Reached skill level 4 in Axes
   736 | D:1      | You pick up a book of the Sky {forbidden} and begin
                  | reading...
   736 | D:1      | You add the spells Summon Lightning Spire, Storm Form and
                  | Maxwell's Capacitive Coupling to your library.
   971 | D:1      | Reached XP level 3. HP: 33/33 MP: 2/2
  1091 | D:1      | Reached ** piety under Trog
  1540 | D:2      | Reached skill level 3 in Armour
  1623 | D:2      | Reached XP level 4. HP: 41/41 MP: 3/3
  1848 | D:2      | Found Gurud's Magic Scroll Shop.
  1858 | D:2      | Bought a scroll of identify for 28 gold pieces
  1858 | D:2      | Bought a scroll of identify for 28 gold pieces
  1968 | D:2      | You pick up a book of Air {forbidden} and begin reading...
  1968 | D:2      | You add the spells Shock, Swiftness and Airstrike to your
                  | library.
  1980 | D:2      | Reached *** piety under Trog
  2360 | D:3      | Reached skill level 5 in Axes
  2360 | D:3      | Reached skill level 3 in Dodging
  2374 | D:3      | Reached skill level 5 in Fighting
  2374 | D:3      | Reached XP level 5. HP: 46/48 MP: 4/4
  3249 | D:4      | Found a sacrificial altar of Ru.
  3378 | D:4      | Reached **** piety under Trog
  3725 | D:4      | Found a white marble altar of Elyvilon.
  3729 | D:4      | Found a blossoming altar of Fedhas.
  3730 | D:4      | Found a shimmering altar of Xom.
  3730 | D:4      | Found a stormy altar of Qazlal.
  3730 | D:4      | Found a glowing golden altar of the Shining One.
  3735 | D:4      | Found a burning altar of Makhleb.
  3756 | D:4      | Found a radiant altar of Vehumet.
  3924 | D:5      | Entered Level 5 of the Dungeon
  3931 | D:5      | Reached XP level 6. HP: 51/56 MP: 5/5
  4023 | D:5      | Noticed a water moccasin
  4031 | D:5      | Killed a water moccasin
  4032 | D:5      | Reached skill level 6 in Fighting
  4032 | D:5      | Reached skill level 6 in Axes
  4032 | D:5      | Reached skill level 4 in Armour
  4040 | D:5      | HP: 14/57 [poisoned by a water moccasin]
  4391 | D:5      | Found a hazy altar of Hepliaklqana.
  4427 | D:5      | Reached XP level 7. HP: 57/64 MP: 6/6
  4473 | D:5      | Found a staircase to the Ecumenical Temple.
  4512 | D:5      | Reached skill level 4 in Dodging
  4800 | D:5      | Reached skill level 7 in Fighting
  5195 | D:6      | Reached skill level 7 in Axes
  5552 | D:6      | Reached skill level 1 in Throwing
  5643 | D:6      | Reached XP level 8. HP: 70/73 MP: 7/7
  6020 | D:6      | Reached skill level 8 in Fighting
  6020 | D:6      | Reached skill level 8 in Axes
  6066 | D:6      | Reached skill level 2 in Throwing
  6294 | D:6      | Noticed Edmund
  6312 | D:6      | Killed Edmund
  6462 | D:6      | Found a glowing silver altar of Zin.
  6648 | D:7      | Reached skill level 9 in Fighting
  6653 | D:7      | Reached skill level 9 in Axes
  6653 | D:7      | Reached skill level 3 in Throwing
  6702 | D:7      | Reached XP level 9. HP: 71/83 MP: 8/8
  6912 | D:7      | Reached ***** piety under Trog
  7154 | D:7      | Identified the ring of the Frog {Int+6 SInv}
  7585 | D:7      | Reached skill level 10 in Fighting
  7585 | D:7      | Reached skill level 10 in Axes
  8034 | D:8      | Reached skill level 4 in Throwing
  8618 | D:9      | Noticed Erica
  8644 | D:9      | Killed Erica
  8645 | D:9      | Reached skill level 11 in Fighting
  8645 | D:9      | Reached skill level 11 in Axes
  8842 | D:9      | HP: 19/89 [large slime creature (34)]
  8847 | D:9      | HP: 16/89 [slime creature (4)]
  8852 | D:9      | HP: 4/89 [large slime creature (17)]
  8864 | D:9      | Slain by a large slime creature

Vanquished Creatures
  Erica (D:9)
  2 vampire mosquitoes (D:7)
  Edmund (D:6)
  2 water moccasins
  2 sky beasts
  2 ogres (D:6)
  A black bear (D:5)
  An ice beast (D:7)
  2 centaurs
  A kobold brigand (D:6)
  A necrophage (D:6)
  2 bullfrogs
  A scorpion (D:6)
  7 killer bees
  7 howler monkeys
  5 hounds
  3 jellies
  An orc priest (D:6)
  2 gnoll boudas
  3 iguanas
  An orc wizard (D:6)
  16 gnolls
  9 adders
  A shadow imp (D:8)
  A white imp (D:6)
  2 ufetubi (D:5)
  2 worms
  4 dart slugs (D:1)
  16 orcs
  18 bats
  6 endoplasms
  12 giant cockroaches
  8 goblins
  10 hobgoblins
  3 jackals (D:2)
  19 kobolds
  3 quokkas
  9 ball pythons
  4 frilled lizards (D:3)
  4 rats
195 creatures vanquished.

Vanquished Creatures (others)
  10 plants
10 creatures vanquished.

Grand Total: 205 creatures vanquished

Table legend:
 A = Non-vault XP
 B = Vault XP
 C = Vault XP percentage of total XP
 D = Non-vault monster count
 E = Vault monster count
 F = Vault count percentage of total count
                 A         B        C        D         E       F
            +---------+---------+-------+---------+---------+-------
      Total |    4073 |    1036 |  20.3 |     171 |      24 |  12.3
            +---------+---------+-------+---------+---------+-------
        D:1 |      53 |       0 |   0.0 |      27 |       0 |   0.0
        D:2 |      66 |      20 |  23.3 |      23 |      10 |  30.3
        D:3 |      91 |      20 |  18.0 |      20 |       5 |  20.0
        D:4 |      99 |      11 |  10.0 |      19 |       7 |  26.9
        D:5 |     761 |       0 |   0.0 |      18 |       0 |   0.0
        D:6 |     991 |     154 |  13.4 |      31 |       1 |   3.1
        D:7 |    1394 |       0 |   0.0 |      21 |       0 |   0.0
        D:8 |     618 |       0 |   0.0 |      12 |       0 |   0.0
        D:9 |       0 |     831 | 100.0 |       0 |       1 | 100.0
            +---------+---------+-------+---------+---------+-------

Illustrated notes

Table legend:
 A = Kills in this place as a percentage of kills in entire the game.
 B = Kills by you in this place as a percentage of kills by you in the entire game.
 C = Kills by friends in this place as a percentage of kills by friends in the entire game.
 D = Other kills in this place as a percentage of other kills in the entire game.
 E = Experience gained in this place as a percentage of experience gained in the entire game.
 F = Experience gained in this place divided by the number of levels of this place that you have seen.
                   A       B       C       D       E      F
               +-------+-------+-------+-------+-------+----------------------
         Total | 100.0 | 100.0 |   N/A |   N/A | 100.0 | 567.7
       Dungeon | 100.0 | 100.0 |   N/A |   N/A | 100.0 | 567.7
               +-------+-------+-------+-------+-------+----------------------

Table legend: (Time is in decaauts)
 A = Elapsed time spent in this place.
 B = Non-inter-level travel time spent in this place.
 C = Inter-level travel time spent in this place.
 D = Time resting spent in this place.
 E = Time spent auto-exploring this place.
 F = Levels seen in this place.
 G = Mean time per level.
                   A        B        C        D        E       F      G
               +--------+--------+--------+--------+--------+-----+--------+
         Total |   8845 |   8559 |    286 |    222 |   7164 |   9 |  982.8 |
       Dungeon |   8845 |   8559 |    286 |    222 |   7164 |   9 |  982.8 |
               +--------+--------+--------+--------+--------+-----+--------+

Top non-repeatable levels by time:
     D:6: 1395 daAuts
     D:1: 1295 daAuts
     D:7: 1282 daAuts
     D:5: 1274 daAuts
     D:3: 979 daAuts
     D:2: 847 daAuts
     D:4: 811 daAuts
     D:8: 718 daAuts
     D:9: 240 daAuts
